cohdb
Replays
Latest Replays
All Replays
Popular Replays
Top Player Replays
Match Explorer
How It Works
Community
CoH3 Stats
Reddit
Sign in to upload your games and track your stats! →
Sign in with Steam
Match 24636700
Unlisted
Match 24636700
Overview
Messages
Build Orders
End
Selects Italian Combined Arms Battlegroup
Selects Bersaglieri Squad
Bersaglieri Squad
250 Light Carrier
Bersaglieri Squad
Construct Light Support Kompanie
Bersaglieri Squad
2.5-tonne Medical Truck
Selects Bersaglieri Bolster
Combat Half-tracks
Panzerjäger Mechanized Group
Panzerjäger Squad
Selects Semovente da 75/18 Assault Gun
Construct Mechanized Kompanie
Construct Panzerarmee Kommand
Fire Support Elements
想个名字真难
wila
LittleFatty233
【嗜血狼族】灵狐魅儿
Prorenzo
diritar
zoids
modo_hiyaku
0
0
Comments
sign in to comment!
No comments posted yet!